AoeStats
← GandalfTheRipper

Arena

509392689Analyzed
3v3 RM · 6d ago on Sep 26, 2026· 65m 55s· 6 players
Game mode
Random Map
Map size
Normal (6 player)
Population
200
Speed
Normal
Resources
Standard
Victory
Conquest
Starting age
Dark Age
Ending age
Imperial Age
RankedLock teamsTeams togetherTeam positionsShared explorationLock speedFull tech treeHidden civsTurbo modeCheats
Victory
Defeat
🇪🇬 Britons · Egypt
577
+12
🇺🇸 Wu · United States
397
+19
🇻🇪 Dravidians · Venezuela
374
+20
🇩🇪 Berbers · Germany
506
-18
🇦🇷 Spanish · Argentina
473
-17
🇺🇸 Saxons · United States
451
-16
GandalfTheRipper
1:25 Loom
14:53 Feudal Age
15:20 Double-Bit Axe
20:55 Castle Age
19:32 Wheelbarrow
18:49 Horse Collar
20:29 Stone Mining
26:58 Crossbowman
28:45 Bow Saw
32:37 Gold Mining
33:01 Thumb Ring
35:40 Padded Archer Armor
35:30 Fletching
37:40 Leather Archer Armor
37:21 Bodkin Arrow
45:19 Imperial Age
43:17 Caravan
43:39 Scale Mail Armor
43:49 Forging
44:15 Ballistics
43:52 Murder Holes
45:06 Gold Shaft Mining
44:39 Heavy Plow
46:59 Fortified Wall
47:54 Chemistry
46:41 Arrowslits
48:31 Arbalester
53:18 Hoardings
52:06 Elite Hearth Troop
53:31 Guard Tower
57:19 Iron Casting
57:00 Chain Mail Armor
Niko
12:12 Feudal Age
13:36 Wheelbarrow
12:45 Horse Collar
14:15 Double-Bit Axe
23:59 Man-at-Arms
27:23 Castle Age
26:29 Gold Mining
26:34 Stone Mining
27:10 Forging
27:01 Scale Mail Armor
27:07 Scale Barding Armor
26:53 Fletching
27:06 Padded Archer Armor
28:40 Hand Cart
28:28 Heavy Plow
28:41 Bow Saw
30:17 Gambesons
30:33 Squires
30:19 Arson
30:39 Husbandry
30:49 Thumb Ring
33:29 Stone Shaft Mining
33:14 Town Watch
33:52 Long Swordsman
33:53 Pikeman
33:57 Light Cavalry
34:01 Elite Skirmisher
34:46 Bodkin Arrow
35:28 Iron Casting
35:15 Chain Barding Armor
35:13 Chain Mail Armor
35:14 Leather Archer Armor
35:37 Loom
40:27 Masonry
40:14 Murder Holes
40:31 Fortified Wall
40:44 Caravan
41:55 Town Patrol
46:38 Imperial Age
48:02 Hoardings
48:12 Plate Barding Armor
47:39 Bracer
48:39 Blast Furnace
48:58 Elite Conquistador
51:48 Conscription
54:38 Chemistry
amk1285
10:21 Feudal Age
8:36 Loom
11:08 Horse Collar
11:16 Double-Bit Axe
18:46 Castle Age
17:00 Town Watch
20:33 Wheelbarrow
24:30 Heavy Plow
26:02 Bow Saw
25:54 Gold Mining
26:39 Stone Mining
28:38 Crossbowman
29:42 Hand Cart
32:35 Gold Shaft Mining
32:42 Scale Barding Armor
32:38 Scale Mail Armor
33:41 Town Patrol
34:55 Fletching
35:05 Padded Archer Armor
36:00 Stone Shaft Mining
37:40 Husbandry
39:35 Leather Archer Armor
39:36 Chain Mail Armor
40:53 Thumb Ring
41:05 Forging
41:51 Kasbah
41:50 Bodkin Arrow
42:56 Herbal Medicine
43:02 Devotion
43:15 Fervor
43:54 Chain Barding Armor
44:11 Iron Casting
44:22 Guard Tower
44:37 Siphons
44:29 Murder Holes
44:44 Careening
49:35 Imperial Age
48:47 Fortified Wall
48:42 Atonement
50:45 Cavalier
52:06 Heated Shot
52:27 Clinker Construction
52:39 Dry Dock
54:17 Faith
54:22 Illumination
55:06 Theocracy
59:15 Shipwright
58:36 Treadmill Crane
59:07 Masonry
59:18 Ballistics
60:53 Chemistry
61:10 Hoardings
60:56 Conscription
63:20 Plate Barding Armor
CarlosJesus2904
12:13 Feudal Age
17:12 Double-Bit Axe
19:38 Horse Collar
28:11 Castle Age
26:06 Gold Mining
28:04 Forging
27:54 Scale Mail Armor
29:33 Pikeman
30:13 Squires
29:59 Arson
29:39 Crossbowman
30:25 Thumb Ring
31:55 Bow Saw
31:42 Stone Mining
34:21 Iron Casting
35:14 Wheelbarrow
34:30 Town Watch
34:50 Gambesons
35:30 Town Patrol
36:23 Ballistics
35:59 Murder Holes
37:03 Caravan
39:29 Heavy Plow
40:31 Chain Mail Armor
40:09 Fletching
40:21 Padded Archer Armor
41:57 Hand Cart
42:10 Fortified Wall
44:24 Bodkin Arrow
44:45 Leather Archer Armor
48:34 Imperial Age
48:33 Masonry
49:39 Conscription
49:42 Wootz Steel
49:12 Arbalester
50:57 Blast Furnace
50:27 Plate Mail Armor
49:59 Bracer
49:57 Halberdier
51:20 Ring Archer Armor
54:17 Chemistry
ndyer98
13:34 Feudal Age
14:45 Horse Collar
14:53 Double-Bit Axe
16:08 Wheelbarrow
22:54 Castle Age
24:09 Bow Saw
24:27 Hand Cart
24:31 Heavy Plow
25:44 Stone Mining
25:49 Gold Mining
27:28 Gold Shaft Mining
28:55 Caravan
35:49 Imperial Age
37:38 Two-Man Saw
39:20 Padded Archer Armor
39:10 Fletching
39:22 Scale Mail Armor
39:33 Forging
38:50 Elite Fire Archer
39:57 Ballistics
40:52 Chemistry
39:38 Treadmill Crane
40:10 Masonry
41:48 Red Cliffs Tactics
41:50 Sitting Tiger
42:15 Conscription
42:15 Leather Archer Armor
41:56 Bodkin Arrow
42:20 Chain Mail Armor
42:56 Iron Casting
44:51 Bracer
45:30 Architecture
47:29 Scale Barding Armor
48:25 Blast Furnace
47:56 Plate Mail Armor
47:04 Pikeman
47:44 Squires
47:30 Arson
49:03 Heavy Hei Guang Cavalry
49:43 Husbandry
50:52 Chain Barding Armor
58:38 Coinage
samko.keta
2:03 Loom
9:59 Feudal Age
12:33 Wheelbarrow
11:43 Town Watch
18:21 Horse Collar
24:15 Castle Age
22:29 Gold Mining
22:44 Stone Mining
23:56 Double-Bit Axe
25:50 Bow Saw
25:43 Heavy Plow
26:20 Gold Shaft Mining
26:42 Treadmill Crane
27:34 Fortified Wall
30:17 Hand Cart
30:02 Town Patrol
31:08 Town Patrol
31:39 Masonry
31:50 Ballistics
34:58 Yeomen
34:34 Fletching
34:45 Padded Archer Armor
37:26 Imperial Age
35:27 Murder Holes
37:20 Bodkin Arrow
37:41 Leather Archer Armor
39:49 Conscription
40:19 Hoardings
39:47 Warwolf
44:34 Bracer
45:05 Ring Archer Armor
44:52 Elite Longbowman
46:08 Architecture
46:42 Chemistry
45:49 Siege Engineers
53:09 Guilds
Connection lost

Rejoining the realm…

Still unreachable

The connection could not be restored.

Session expired

The server has moved on; the page needs a fresh start.